 Dungeon Crawl Stone Soup version 0.30-a0-652-gcc886f7154 (webtiles) character file.

Game seed: 13659362646025474844

9816 testman the Fighter (level 11, 0/89 HPs)
             Began as a Demonspawn Gladiator on Jan 17, 2023.
             Was a High Priest of Wu Jian.
             Succumbed to an orange demon's poison
             ... on level 10 of the Dungeon.
             The game lasted 00:39:55 (10476 turns).

testman the Fighter (Demonspawn Gladiator)         Turns: 10476, Time: 00:39:56

Health: 0/89       AC: -4    Str: 18    XL:     11   Next: 28%
Magic:  21/21      EV: 18    Int:  9    God:    Wu Jian [*****.]
Gold:   426        SH:  0    Dex: 22    Spells: 13/24 levels left

rFire   . . .      SeeInvis .      - Unarmed
rCold   . . .      Faith    +    (no shield)
rNeg    . . .      Spirit   .    N - +0 steam dragon scales
rPois   .          Reflect  .    (helmet restricted)
rElec   .          Harm     .    I - +2 cloak
rCorr   .          Rampage  .    (gloves unavailable)
Will    .....                    (no boots)
Stlth   ++                       x - amulet of faith
HPRegen 0.34/turn                v - +6 ring of dexterity
MPRegen 0.17/turn                t - +5 ring of evasion

@: lethally poisoned (0 -> -62), corroded
A: claws 3, horns 1, spiny 2, weakness stinger 1
a: Renounce Religion, Wall Jump, Serpent's Lash, Heavenly Storm


You were on level 10 of the Dungeon.
You worshipped Wu Jian.
Wu Jian was extremely pleased with you.
You visited 1 branch of the dungeon, and saw 10 of its levels.
You also visited: Ossuary.

You collected 590 gold pieces.
You spent 164 gold pieces at shops.

Inventory:

Hand Weapons
 a - a +0 trident
Missiles
 d - 8 throwing nets (quivered)
 e - 6 javelins
 j - 25 poisoned darts
 r - 3 boomerangs
 E - 2 atropa-tipped darts
 K - 5 curare-tipped darts
Armour
 I - a +2 cloak (worn)
 N - +0 steam dragon scales (worn)
Jewellery
 b - an amulet of magic regeneration
 c - a ring of fire
 h - a ring of positive energy
 t - a +5 ring of evasion (right claw)
 v - a +6 ring of dexterity (left claw)
 x - an amulet of faith (around neck)
Wands
 w - a wand of charming (13)
 J - a wand of flame (50)
 M - a wand of roots (18)
Scrolls
 f - a scroll of enchant armour
 g - 3 scrolls of vulnerability
 k - 3 scrolls of fear
 l - 3 scrolls of amnesia
 m - a scroll of fog
 n - 11 scrolls of teleportation
 u - 10 scrolls of poison {unknown}
 y - 3 scrolls of butterflies
 z - 5 scrolls of magic mapping
 A - a scroll of blinking
 F - 3 scrolls of immolation
 H - a scroll of brand weapon {unknown}
 O - a scroll of torment {unknown}
Potions
 i - a potion of mutation {unknown}
 o - 4 potions of brilliance
 p - 2 potions of berserk rage {unknown}
 q - 10 potions of curing
 s - a potion of attraction
 B - 3 potions of haste {unknown}
 C - 2 potions of flight {unknown}
 G - 2 potions of lignification {unknown}
 L - a potion of cancellation {unknown}


   Skills:
 + Level 9.3 Fighting
 - Level 2.9 Polearms
 - Level 2.0 Throwing
 - Level 2.7 Dodging
 + Level 8.1 Unarmed Combat
 + Level 7.0 Spellcasting
 + Level 3.5 Conjurations
 - Level 6.0 Transmutations
 + Level 3.2 Air Magic
 - Level 4.0 Earth Magic


You had 13 spell levels left.
You knew the following spells:

 Your Spells              Type           Power      Damage    Failure   Level
a - Beastly Appendage     Tmut           28%        N/A       1%          1
b - Wereblood             Tmut           14%        N/A       2%          2
c - Passwall              Tmut/Erth      10%        N/A       3%          2
d - Stone Arrow           Conj/Erth      18%        3d8       13%         3
e - Swiftness             Air            8%         N/A       16%         3

Your spell library contained the following spells:

 Spells                   Type           Power      Damage    Failure   Level
 Sandblast                Erth           20%        2d7       3%          1
 Shock                    Conj/Air       36%        1d5       4%          1
 Sting                    Tmut/Pois      32%        1d4       6%          1
 Poisonous Vapours        Pois/Air       12%        N/A       16%         2
 Spider Form              Tmut/Pois      8%         N/A       17%         3
 Vhi's Electric Charge    Tloc/Air       12%        N/A       30%         3
 Blade Hands              Tmut           7%         N/A       43%         5
 Airstrike                Air            4%         2d(1-17)  47%         4
 Portal Projectile        Hex/Tloc       6%         N/A       52%         3
 Tukima's Dance           Hex            3%         N/A       52%         3
 Arcjolt                  Conj/Air       4%         1d14      80%         5
 Olgreb's Toxic Radiance  Pois           3%         N/A       89%         4
 Maxwell's Capacitive Co  Air            4%         ∞         100%        8


Dungeon Overview and Level Annotations

Branches:
Dungeon (10/15)            Temple (0/1) D:4         Ossuary (visited)
   Lair: D:8-11         Orc: D:9-12

Altars:
Cheibriados
Fedhas
Gozag
Kikubaaqudgha
Makhleb
Nemelex Xobeh
Sif Muna
Trog
Wu Jian
Yredelemnul

Shops:
D:1 =   D:4 ?


Innate Abilities, Weirdness & Mutations

You have claws for hands.
You have a pair of small horns on your head.
You are mostly covered in sharp spines.
You have a small tail.


Message History

You kill the rust devil!
The Council accepts your kill.
You feel very sick. The orange demon stings you from afar.
Your Spellcasting skill increases to level 7!
You feel very sick.
You lunge at the orange demon.
You claw the orange demon!
Your tail-slap misses the orange demon.
The orange demon is lightly wounded.
You feel very sick. The orange demon closely misses you.
The orange demon hits you.
You scratch the orange demon but do no damage.
The orange demon is lightly wounded.
You feel sick.
You claw the orange demon!
The orange demon is moderately wounded.
You feel sick. The orange demon barely misses you.
The orange demon closely misses you.
You scratch the orange demon but do no damage.
Your headbutt misses the orange demon.
The orange demon is moderately wounded.
You feel sick. The orange demon stings you!
You are more poisoned.
The orange demon poisons you! The orange demon misses you.
You scratch the orange demon.
You headbutt the orange demon, but do no damage.
You claw the orange demon, but do no damage.
The orange demon is moderately wounded.
You feel very sick. The orange demon stings you.
You are lethally poisoned!
The orange demon poisons you! The orange demon misses you.
The orange demon attacks as you move away!
The orange demon is struck by your spines.
The orange demon stings you!
* * * LOW HITPOINT WARNING * * *
You are more poisoned.
The orange demon poisons you! The orange demon hits you.
* * * LOW HITPOINT WARNING * * *
You die...

.~.........~~.##...~~~≈≈≈≈≈≈#≈~
..............##.....#≈≈≈≈
..............##.....# ≈≈≈
#.......###...##.....#
#.......# ######.....#
#.......# ###.....##### >......
#...........# .....
#...........# #..@........#
#...........# . ###4..#######
....♣##...# .~≈~....###
~4~~....# ~~~~....# ~~.~....#
PP......#


You could see an orange demon.

Vanquished Creatures
  Harold (D:9)
  The ghost of HypermagicGuardian the Cleaver, a novice HOFi (D:9)
  Erica (D:8)
  A sixfirhy (D:10)
  2 cyclopes
  Maurice (D:7)
  A rust devil (D:10)
  Psyche (D:7)
  An ice devil (D:10)
  A troll (D:9)
  Grinder (D:5)
  A hornet (D:9)
  Sigmund (D:3)
  3 yaks (D:9)
  A wyvern (D:9)
  A steam dragon (D:7)
  Edmund (D:6)
  A water moccasin (D:6)
  An ice beast (D:4)
  3 orc warriors
  A sky beast (D:8)
  2 black bears
  2 ogres
  A centaur (D:8)
  A kobold brigand (D:7)
  2 bullfrogs
  3 necrophages
  11 scorpions
  13 wights
  6 killer bees
  An electric eel (D:10)
  A centaur zombie (Ossuary)
  4 orc priests
  Crazy Yiuf (D:6)
  A hound (D:5)
  3 gnoll boudas
  An iguana (D:5)
  Natasha (twice) (D:3)
  4 orc wizards
  5 scorpion zombies (Ossuary)
  3 mummies (Ossuary)
  14 gnolls
  12 adders
  A shadow imp (D:7)
  A white imp (D:7)
  An ufetubus (D:5)
  3 worms
  3 dart slugs
  27 orcs
  4 ball pythons
  3 bats
  4 endoplasms
  6 giant cockroaches
  7 goblins
  10 hobgoblins
  14 kobolds
  3 quokkas
  7 frilled lizards
  3 gnoll zombies (Ossuary)
  5 goblin zombies (Ossuary)
  2 hobgoblin zombies (Ossuary)
  2 kobold zombies (Ossuary)
  2 orc zombies (Ossuary)
  3 rats
230 creatures vanquished.

Vanquished Creatures (others)
  2 orcs (D:8)
  12 plants
14 creatures vanquished.

Grand Total: 244 creatures vanquished

Notes
Turn   | Place    | Note
-------+----------+-------------------------------------------
     0 | D:1      | testman the Demonspawn Gladiator began the quest for the
                  | Orb.
     0 | D:1      | Reached XP level 1. HP: 16/16 MP: 1/1
    48 | D:1      | Found Vinel's Jewellery Emporium.
   217 | D:1      | Discovered your monstrous ancestry.
   217 | D:1      | Gained mutation: You have sharp fingernails. [demonic
                  | ancestry]
   217 | D:1      | Reached XP level 2. HP: 23/23 MP: 2/2
   705 | D:2      | Reached skill level 1 in Unarmed Combat
   719 | D:2      | Reached XP level 3. HP: 27/28 MP: 3/3
   872 | D:2      | Reached skill level 3 in Fighting
  1506 | D:3      | Found an ornate altar of the Wu Jian Council.
  1516 | D:3      | Became a worshipper of the Wu Jian Council
  1618 | D:3      | Found a snail-covered altar of Cheibriados.
  1709 | D:3      | Noticed Sigmund
  1830 | D:3      | Gained mutation: You are partially covered in sharp spines.
                  | [demonic ancestry]
  1830 | D:3      | Reached XP level 4. HP: 35/35 MP: 4/4
  2124 | D:3      | Noticed Natasha
  2133 | D:3      | Killed Natasha
  2376 | D:3      | Killed Sigmund
  2377 | D:3      | Reached skill level 4 in Fighting
  2377 | D:3      | Reached XP level 5. HP: 35/43 MP: 5/5
  2377 | D:3      | Gained mutation: You have a small tail. [demonic ancestry]
  2377 | D:3      | Reached XP level 6. HP: 40/49 MP: 6/6
  2464 | D:3      | Noticed Natasha
  2473 | D:3      | Killed Natasha
  2585 | D:4      | Found a staircase to the Ecumenical Temple.
  2608 | D:4      | Learned a level 1 spell: Beastly Appendage
  2627 | D:4      | Found Eperruki's Magic Scroll Emporium.
  2633 | D:4      | Bought a scroll of magic mapping for 82 gold pieces
  2633 | D:4      | Bought a scroll of blinking for 82 gold pieces
  2647 | D:4      | Found a burning altar of Makhleb.
  2648 | D:4      | Noticed a green death
  2648 | D:4      | Noticed an angel
  2994 | D:4      | Reached * piety under Wu Jian
  3073 | D:4      | Reached skill level 5 in Fighting
  3488 | D:5      | Entered Level 5 of the Dungeon
  3488 | D:5      | Noticed an ice beast
  3499 | D:4      | Killed an ice beast
  3500 | D:4      | Reached skill level 1 in Spellcasting
  3500 | D:4      | Reached skill level 1 in Transmutations
  3500 | D:4      | Gained mutation: You have very sharp fingernails. [demonic
                  | ancestry]
  3500 | D:4      | Reached XP level 7. HP: 38/56 MP: 7/9
  3723 | D:5      | Found a sand-covered staircase.
  3769 | Ossuary  | Entered an ossuary
  4106 | Ossuary  | Reached ** piety under Wu Jian
  4107 | Ossuary  | Gained mutation: You have a pair of small horns on your
                  | head. [demonic ancestry]
  4107 | Ossuary  | Reached XP level 8. HP: 59/64 MP: 12/12
  4167 | Ossuary  | Reached skill level 6 in Fighting
  4240 | Ossuary  | Reached skill level 5 in Unarmed Combat
  5119 | D:5      | Reached *** piety under Wu Jian
  5346 | D:5      | Noticed Grinder
  5350 | D:5      | Paralysed by Grinder for 2 turns
  5357 | D:5      | Paralysed by Grinder for 2 turns
  5360 | D:5      | Killed Grinder
  5715 | D:6      | Reached skill level 7 in Fighting
  5715 | D:6      | Gained mutation: You have claws for hands. [demonic
                  | ancestry]
  5715 | D:6      | Reached XP level 9. HP: 72/72 MP: 15/15
  5762 | D:6      | Found a blossoming altar of Fedhas.
  5796 | D:6      | Learned a level 2 spell: Wereblood
  5799 | D:6      | Learned a level 2 spell: Passwall
  5814 | D:6      | Found a runed translucent door.
  5815 | D:6      | Noticed Crazy Yiuf
  5821 | D:6      | Killed Crazy Yiuf
  6070 | D:6      | Found a basalt altar of Yredelemnul.
  6121 | D:6      | Noticed Edmund
  6136 | D:6      | Killed Edmund
  6137 | D:6      | Reached skill level 1 in Earth Magic
  7196 | D:7      | Reached **** piety under Wu Jian
  7200 | D:7      | Reached skill level 5 in Spellcasting
  7400 | D:8      | Noticed Maurice
  7516 | D:8      | Noticed Psyche
  7518 | D:8      | HP: 3/72 [Maurice/+0 flail (8)]
  7691 | D:7      | Killed Psyche
  7692 | D:7      | Reached skill level 5 in Transmutations
  7739 | D:7      | Killed Maurice
  7798 | D:8      | Noticed Erica
  7986 | D:8      | Killed Erica
  7987 | D:8      | Reached skill level 8 in Fighting
  7987 | D:8      | Reached XP level 10. HP: 80/80 MP: 18/18
  8169 | D:8      | Found an opulent altar of Gozag.
  8302 | D:8      | Found an ancient bone altar of Kikubaaqudgha.
  8378 | D:8      | Found a shimmering blue altar of Sif Muna.
  8691 | D:8      | Found a sparkling altar of Nemelex Xobeh.
  8948 | D:9      | Found a runed translucent door.
  8948 | D:9      | Noticed HypermagicGuardian's ghost (novice HOFi)
  8988 | D:9      | Learned a level 3 spell: Stone Arrow
  8992 | D:9      | Learned a level 3 spell: Swiftness
  8992 | D:9      | Found a bloodstained altar of Trog.
  9043 | D:9      | Reached ***** piety under Wu Jian
  9044 | D:9      | Reached skill level 1 in Conjurations
  9249 | D:9      | Reached skill level 1 in Air Magic
  9350 | D:9      | Noticed a cyclops
  9355 | D:9      | Killed a cyclops
  9546 | D:9      | Noticed Harold
  9560 | D:9      | Killed Harold
  9808 | D:9      | Paralysed by a hornet for 2 turns
 10131 | D:9      | Killed HypermagicGuardian's ghost
 10132 | D:9      | Reached skill level 9 in Fighting
 10132 | D:9      | Gained mutation: You are mostly covered in sharp spines.
                  | [demonic ancestry]
 10132 | D:9      | Reached XP level 11. HP: 89/89 MP: 19/21
 10168 | D:10     | Entered Level 10 of the Dungeon
 10287 | D:10     | Noticed a sixfirhy
 10298 | D:10     | Killed a sixfirhy
 10476 | D:10     | Succumbed to an orange demon's poison

Illustrated notes

Levels and vault maps discovered:
D:1:      dpeg_arrival_solitude, layout_basic, serial_shops,
          nicolae_shop_waterfront
D:2:      layout_loops_ring, serial_bayou, serial_bayou_ford_a,
          serial_bayou_pond_e, serial_bayou_pond_c, serial_bayou_pond_c,
          serial_bayou_lake_a
D:3:      layout_loops_corners, lemuel_tele_altar, overflow_temple_1_default,
          uniq_sigmund, uniq_natasha
D:4:      layout_loops_ring, grunt_temple_overflow_order_and_chaos_2,
          minmay_temple_entry_wispy, serial_shops, shop, serial_forest,
          infiniplex_forest_lined_corner, infiniplex_forest_clump_large,
          infiniplex_forest_lined_2, infiniplex_forest_3_way,
          infiniplex_forest_pool, infiniplex_forest_corner_2,
          infiniplex_forest_corner_2, infiniplex_forest_zigzag_1
D:5:      layout_loops_corners, elyvilon_altar_5, nicolae_ossuary_entry_plus,
          uniq_grinder
D:6:      layout_loops_corners, mainiacjoe_overflow_alcove_1,
          mainiacjoe_overflow_paths, uniq_edmund, uniq_crazy_yiuf_cottage
D:7:      layout_basic
D:8:      layout_basic, mainiacjoe_overflow_six_doors_small,
          grunt_gozag_statues, mainiacjoe_overflow_two_lobes, uniq_psyche,
          uniq_erica, uniq_maurice
D:9:      layout_cave_pods, mainiacjoe_overflow_cross_hatched,
          hellmonk_ghost_happy_afterlife, minmay_statues_item, uniq_harold
D:10:     layout_basic, serial_demonic, serial_demonic_b, serial_demonic_f,
          serial_demonic_c, serial_demonic_e

Skill      XL: |  1  2  3  4  5  6  7  8  9 10 11 |
---------------+----------------------------------+-----
Throwing       | 2 |  2.0
Unarmed Combat | 1 3 4 5 6 7 8 |  8.1
Fighting       | 3 4 5 7 8 9 |  9.3
Spellcasting   | 1 2 4 5 6 7 |  7.0
Transmutations | 1 2 4 5 6 |  6.0
Earth Magic    | 3 4 |  4.0
Conjurations   | 2 3 |  3.5
Air Magic      | 2 3 |  3.2
Polearms       | |  2.9
Dodging        | |  2.7

Action                   |  1- 3 |  4- 6 |  7- 9 | 10-12 || total
-------------------------+-------+-------+-------+-------++-------
Melee: Trident           |   172 |    10 |       |       ||   182
       Punch             |     1 |     1 |    10 |    10 ||    22
       Unarmed           |       |    74 |   340 |   172 ||   586
       Tailslap          |       |    14 |    47 |    30 ||    91
       Headbutt          |       |       |    45 |    42 ||    87
       Kick              |       |       |     2 |       ||     2
Throw: Dart              |       |     2 |     5 |     1 ||     8
       Throwing net      |       |     1 |     1 |       ||     2
 Cast: Beastly Appendage |       |       |     1 |       ||     1
Invok: Lunge             |     2 |    13 |    54 |    17 ||    86
       Whirlwind         |       |       |    20 |    18 ||    38
       Serpent's Lash    |       |       |     1 |       ||     1
Evoke: Wand              |       |       |     2 |       ||     2
  Use: Scroll            |       |       |    12 |     5 ||    17
       Potion            |       |       |     4 |     2 ||     6
 Stab: Sleeping          |     4 |       |       |       ||     4
       Held in net/web   |       |     1 |       |       ||     1
       Distracted        |       |       |     1 |       ||     1
Armor: Leather armour    |    39 |     4 |    30 |       ||    73
       Steam dragon scal |       |       |     4 |    20 ||    24
Dodge: Dodged            |    82 |    29 |   181 |   108 ||   400

Table legend: (Time is in decaauts)
 A = Elapsed time spent in this place.
 B = Non-inter-level travel time spent in this place.
 C = Inter-level travel time spent in this place.
 D = Time resting spent in this place.
 E = Time spent auto-exploring this place.
 F = Levels seen in this place.
 G = Mean time per level.
                   A        B        C        D        E       F      G
               +--------+--------+--------+--------+--------+-----+--------+
         Total |  10514 |  10089 |    425 |   1105 |   7096 |  11 |  955.8 |
       Dungeon |   9701 |   9276 |    425 |    757 |   6902 |  10 |  970.1 |
       Ossuary |    813 |    813 |      0 |    348 |    194 |   1 |  813.0 |
               +--------+--------+--------+--------+--------+-----+--------+

Top non-repeatable levels by time:
     D:9: 1326 daAuts
     D:5: 1320 daAuts
     D:3: 1122 daAuts
     D:6: 1111 daAuts
     D:7: 1049 daAuts
     D:4: 1019 daAuts
     D:8: 954 daAuts
     D:2: 913 daAuts
 Ossuary: 813 daAuts
     D:1: 576 daAuts
    D:10: 306 daAuts
